[Event "Titled Tuesday Blitz November 29 Late 2022"]
[White "Liu, Kelsey"]
[Black "Cardoso Cardoso, Jose Gabriel"]
[WhiteFideId "30944481"]
[BlackFideId "4430492"]
[WhiteElo "2289"]
[BlackElo "2484"]
[Result "0-1"]
[Round "02"]
[TimeControl "180+1"]
[Date "2022.11.30"]
[WhiteClock "0:01:09"]
[BlackClock "0:01:37"]

1. e4 g6 2. d4 Bg7 3. Nf3 c6 4. c4 d5 5. cxd5 cxd5 6. e5 Bg4 7. Be2 Nc6 8. O-O Nh6 9. h3 Bxf3 10. Bxf3 Nf5 11. Be3 e6 12. Nc3 O-O 13. Qd2 Rc8 14. Rfd1 Qb6 15. Na4 Qb4 16. Nc5 Qxd2 17. Rxd2 Nxe3 18. fxe3 Nxe5 19. Nxb7 Nc4 20. Re2 Nxe3 21. Rxe3 Bxd4 22. Kf2 Rc2+ 23. Be2 Rb8 24. Na5 Rbxb2 25. Re1 Rc3 0-1


[Site "https://www.chess.com"]

[Event "Titled Tuesday Blitz November 29 Late 2022"]
[White "Lopez Perdomo, Juan David"]
[Black "Ferreira, Vitor Hugo Vieira"]
[WhiteFideId "4405137"]
[BlackFideId "2119765"]
[WhiteElo "1965"]
[BlackElo "2168"]
[Result "0-1"]
[Round "02"]
[TimeControl "180+1"]
[Date "2022.11.30"]
[WhiteClock "0:00:01"]
[BlackClock "0:00:14"]

1. e4 c5 2. d4 cxd4 3. c3 dxc3 4. Nxc3 e6 5. Nf3 a6 6. Bc4 Nc6 7. O-O Nge7 8. Bg5 f6 9. Bh4 Ng6 10. Bg3 Be7 11. Qe2 O-O 12. Rfd1 Qa5 13. Bd6 Bxd6 14. Rxd6 b5 15. Bb3 Kh8 16. Rad1 b4 17. Na4 Ra7 18. Qe3 Rc7 19. Nb6 Nce5 20. Nxe5 Nxe5 21. Nxc8 Rfxc8 22. Bxe6 h6 23. Bb3 Rc6 24. Rxc6 dxc6 25. h3 c5 26. Be6 Re8 27. Qb3 Rd8 28. Rxd8+ Qxd8 29. Qd5 Qxd5 30. exd5 g5 31. d6 Kg7 32. Bc8 a5 33. Be6 Kf8 34. Kf1 Nd3 35. b3 Nc1 36. Ke1 Nxa2 37. Kd2 Nc3 38. Kd3 Ke8 39. Kc4 Ne4 40. Kd5 Nxf2 41. Kxc5 Kd8 42. Kb5 Ne4 43. d7 Nd2 44. Kxa5 f5 45. Kxb4 f4 46. Kc3 Ne4+ 47. Kd4 Nf6 48. b4 h5 49. b5 g4 50. hxg4 h4 0-1


[Site "https://www.chess.com"]

[Event "Titled Tuesday Blitz November 29 Late 2022"]
[White "Maatman, Nick"]
[Black "Sabar, Ethmane Daouda"]
[WhiteFideId "1040391"]
[BlackFideId "19600097"]
[WhiteElo "2649"]
[BlackElo "1950"]
[Result "1-0"]
[Round "02"]
[TimeControl "180+1"]
[Date "2022.11.30"]
[WhiteClock "0:01:09"]
[BlackClock "0:00:02"]

1. d4 d5 2. Nf3 Nf6 3. c4 e6 4. g3 c6 5. Bg2 Be7 6. O-O h5 7. Nc3 Nbd7 8. Bg5 g6 9. Qc2 O-O 10. Rad1 Kg7 11. Rfe1 Nh7 12. Bxe7 Qxe7 13. e4 dxc4 14. e5 Nb6 15. Ne4 Bd7 16. h4 Rac8 17. Nfd2 f5 18. exf6+ Nxf6 19. Nxc4 Nxc4 20. Qxc4 Nxe4 21. Rxe4 Qf6 22. Qe2 Rce8 23. Re5 Rf7 24. Be4 Ref8 25. Rd2 Be8 26. Bxg6 Kxg6 27. Qxh5+ Kg7 28. Rg5+ Qxg5 29. Qxg5+ Kh7 30. Re2 Rf6 31. Kg2 c5 32. Qxc5 Bc6+ 33. Kg1 a6 34. b3 R8f7 35. a4 Kg7 36. h5 Kh6 37. f4 Rf5 38. Rxe6+ Kxh5 39. Re5 Kg4 40. Kf2 Rxe5 41. Qxe5 Rd7 42. f5 Rd5 43. Qe6 1-0


[Site "https://www.chess.com"]

[Event "Titled Tuesday Blitz November 29 Late 2022"]
[White "Malka, Samuel"]
[Black "Maksimovic, Bojan"]
[WhiteFideId "20643675"]
[BlackFideId "14408120"]
[WhiteElo "2417"]
[BlackElo "2447"]
[Result "0-1"]
[Round "02"]
[TimeControl "180+1"]
[Date "2022.11.30"]
[WhiteClock "0:00:18"]
[BlackClock "0:00:06"]

1. d4 Nf6 2. c4 g6 3. Nc3 Bg7 4. e4 d6 5. Nf3 O-O 6. Be2 Nbd7 7. O-O e5 8. Be3 c6 9. Qc2 Qe7 10. d5 c5 11. Ne1 Kh8 12. Nd3 Ng8 13. b4 b6 14. Qd2 f5 15. f3 f4 16. Bf2 g5 17. Kh1 h5 18. Be1 Nh6 19. Nf2 Nf6 20. g3 Rg8 21. bxc5 bxc5 22. Rg1 Nf7 23. g4 hxg4 24. fxg4 Bf8 25. Bf3 Qd7 26. h3 Kg7 27. Nd3 Rh8 28. Kg2 Be7 29. Rh1 Bd8 30. Rb1 Ba5 31. Qc2 Ba6 32. Nb5 Bxe1 33. Rhxe1 Bxb5 34. cxb5 Rh6 35. Rh1 Rah8 36. a4 Rb8 37. Nb2 Nh8 38. Nc4 Ng6 39. Kf2 Nh4 40. Qd3 Rbh8 41. Bg2 Nxg2 42. Kxg2 Nxg4 43. b6 axb6 44. Nxb6 Qa7 45. hxg4 Rxh1 46. Rxh1 Qxb6 47. Rxh8 Qb2+ 48. Kf3 Kxh8 49. Qb5 Qc3+ 50. Kg2 Qd2+ 51. Kf1 Qd1+ 52. Kf2 Qd2+ 53. Kf1 Qd1+ 54. Kf2 Qd4+ 55. Kf3 Qe3+ 56. Kg2 Qxe4+ 57. Kf1 Qh1+ 58. Kf2 Qh2+ 59. Kf3 Qh3+ 60. Kf2 Qg3+ 61. Kf1 Qf3+ 62. Kg1 Qxg4+ 63. Kf2 Qg3+ 64. Kf1 Qf3+ 65. Kg1 Qg3+ 66. Kh1 f3 67. Qe8+ Kg7 68. Qe7+ Kg6 69. Qe6+ Kh5 70. Qe8+ Kh4 71. Qh8+ Kg4 72. Qc8+ Kf4 73. Qf8+ Ke3 0-1


[Site "https://www.chess.com"]

[Event "Titled Tuesday Blitz November 29 Late 2022"]
[White "Manelyuk, Daniil"]
[Black "Sorokin, Aleksey"]
[WhiteFideId "44173920"]
[BlackFideId "24176460"]
[WhiteElo "2209"]
[BlackElo "2476"]
[Result "1-0"]
[Round "02"]
[TimeControl "180+1"]
[Date "2022.11.30"]
[WhiteClock "0:00:06"]
[BlackClock "0:00:05"]

1. e4 c5 2. Nf3 Nc6 3. d4 cxd4 4. Nxd4 Nf6 5. Nc3 e5 6. Ndb5 d6 7. Bg5 a6 8. Na3 b5 9. Nd5 Be7 10. Bxf6 Bxf6 11. c3 O-O 12. Nc2 Rb8 13. Bd3 Bg5 14. h4 Bh6 15. g4 Bf4 16. Nxf4 exf4 17. f3 Be6 18. Nd4 Nxd4 19. cxd4 Bc4 20. b3 Bxd3 21. Qxd3 Rc8 22. Ke2 b4 23. Qd2 Rc3 24. Rac1 Re3+ 25. Kf2 h5 26. g5 d5 27. e5 Qd7 28. Kg2 Qf5 29. Rhe1 Rd3 30. Qc2 Qg6 31. e6 fxe6 32. Red1 Rxd1 33. Qxg6 Rxc1 34. Qxe6+ Kh7 35. Qxd5 Re1 36. Qc5 Re2+ 37. Kh3 Rf7 38. g6+ Kxg6 39. Qg5+ Kh7 40. Qxh5+ Kg8 41. d5 Rd2 42. Qe5 Rf6 43. h5 a5 44. Qe8+ Kh7 45. Qe4+ Kh6 46. Qe5 Rxa2 47. Qe8 Rd2 48. Qh8+ Kg5 49. Qxg7+ Kf5 50. h6 Rd1 51. Qg4+ Ke5 52. Qg5+ Rf5 53. Qe7+ Kxd5 54. Qe4+ Kd6 55. Qxf5 Rh1+ 56. Kg4 a4 57. Qxf4+ Kc5 58. bxa4 b3 59. h7 b2 60. Qe5+ Kc4 61. Qxb2 Rxh7 62. Qc2+ 1-0


[Site "https://www.chess.com"]

[Event "Titled Tuesday Blitz November 29 Late 2022"]
[White "Marcolino, Daniel Mattos"]
[Black "Necromon"]
[WhiteFideId "2106841"]
[WhiteElo "2113"]
[BlackElo "2473"]
[Result "0-1"]
[Round "02"]
[TimeControl "180+1"]
[Date "2022.11.30"]
[WhiteClock "0:00:09"]
[BlackClock "0:00:58"]

1. d4 Nf6 2. Nf3 d6 3. g3 g6 4. Bg2 Bg7 5. O-O O-O 6. b3 c6 7. Bb2 Bg4 8. Nbd2 Qd7 9. Re1 Na6 10. e4 Nc7 11. c4 c5 12. e5 Nfe8 13. dxc5 dxc5 14. Qc2 Ne6 15. Rad1 Rd8 16. Ne4 Qc8 17. h3 Bf5 18. g4 Bxe4 19. Qxe4 N8c7 20. Nh2 b6 21. Nf1 Rxd1 22. Rxd1 Rd8 23. Qe1 Nd4 24. Bxd4 cxd4 25. Qe4 Ne6 26. f4 Nc5 27. Qc6 Qxc6 28. Bxc6 g5 29. b4 Na6 30. a3 gxf4 31. e6 fxe6 32. Nd2 d3 33. Nf3 Bd4+ 34. Kf1 Be3 35. Ne5 d2 36. Ke2 Nb8 37. Be4 Rd4 38. Bd3 Nd7 39. g5 Nxe5 0-1


[Site "https://www.chess.com"]

[Event "Titled Tuesday Blitz November 29 Late 2022"]
[White "Marin Ramirez, Gerardo"]
[Black "Vlassov, Nikolai"]
[WhiteFideId "3901068"]
[BlackFideId "4103360"]
[WhiteElo "2041"]
[BlackElo "2324"]
[Result "0-1"]
[Round "02"]
[TimeControl "180+1"]
[Date "2022.11.30"]
[WhiteClock "0:00:02"]
[BlackClock "0:00:05"]

1. d4 Nf6 2. Nf3 e6 3. c4 Nc6 4. g3 Bb4+ 5. Bd2 a5 6. Bg2 d6 7. O-O e5 8. a3 Bxd2 9. Qxd2 Bg4 10. dxe5 dxe5 11. Qc3 O-O 12. Nbd2 e4 13. Ng5 Nd4 14. Kh1 Nxe2 15. Qe3 Nd4 16. Rac1 Re8 17. Ngxe4 Nxe4 18. Nxe4 f5 19. f3 Bh5 20. Qg5 Qxg5 21. Nxg5 h6 22. Nh3 Re2 23. Nf4 Rxb2 24. Nxh5 Re8 25. Rfe1 Rxe1+ 26. Rxe1 Nc2 27. Rc1 Nxa3 28. Nf4 a4 29. Bh3 Rd2 30. Bxf5 g5 31. Nd5 c6 32. Nb6 Rf2 33. Be4 g4 34. fxg4 Re2 35. Bf5 h5 36. Nxa4 hxg4 37. Bxg4 Re4 0-1


[Site "https://www.chess.com"]

[Event "Titled Tuesday Blitz November 29 Late 2022"]
[White "Martinez Ramirez, Lennis"]
[Black "Quinones Garcia, Santiago"]
[WhiteFideId "3509079"]
[BlackFideId "4408497"]
[WhiteElo "2439"]
[BlackElo "2249"]
[Result "1-0"]
[Round "02"]
[TimeControl "180+1"]
[Date "2022.11.30"]
[WhiteClock "0:01:47"]
[BlackClock "0:00:02"]

1. e4 c5 2. Nf3 g6 3. d4 cxd4 4. Qxd4 Nf6 5. e5 Nc6 6. Qa4 Nd5 7. Qb3 Nb6 8. a4 d6 9. a5 Nd7 10. exd6 exd6 11. Bf4 Qf6 12. Bg5 Qe6+ 13. Qxe6+ fxe6 14. Nc3 a6 15. h4 Bg7 16. h5 h6 17. Bf4 e5 18. Be3 Nf6 19. hxg6 d5 20. Bb6 Bf5 21. Bd3 e4 22. Nh4 Be6 23. Be2 d4 24. Na4 O-O 25. Nc5 Bd5 26. Nf5 d3 27. cxd3 exd3 28. Nxd3 Bxg2 29. Nxh6+ Bxh6 30. Rxh6 Rae8 31. Be3 Nd5 32. Kd2 Ne5 33. Nxe5 Rxe5 34. Bd4 Rfe8 35. Bc4 Kg7 36. Rh2 Bf3 37. Re1 Nf6 38. Rxe5 1-0


[Site "https://www.chess.com"]

[Event "Titled Tuesday Blitz November 29 Late 2022"]
[White "Martinez Reyes, Pedro Ramon"]
[Black "Kaganskiy, Gleb"]
[WhiteFideId "3901807"]
[BlackFideId "4132025"]
[WhiteElo "2354"]
[BlackElo "2165"]
[Result "1-0"]
[Round "02"]
[TimeControl "180+1"]
[Date "2022.11.30"]
[WhiteClock "0:01:40"]
[BlackClock "0:01:00"]

1. f4 e5 2. fxe5 d6 3. exd6 Bxd6 4. Nf3 g5 5. c3 g4 6. Qa4+ Bd7 7. Qe4+ Ne7 8. Nd4 Nc6 9. Nb5 f5 10. Nxd6+ cxd6 11. Qf4 Qb6 12. Na3 Be6 13. Qxd6 Kf7 14. e4 Rad8 15. Qf4 Ng6 16. Qg5 fxe4 17. Bc4 Nce5 18. Rf1+ Kg8 19. Bxe6+ Qxe6 20. Qxd8+ Kg7 21. Qd4 1-0


[Site "https://www.chess.com"]

[Event "Titled Tuesday Blitz November 29 Late 2022"]
[White "Mathur, Rithwik"]
[Black "Hambleton, Aman"]
[WhiteFideId "30913667"]
[BlackFideId "2606577"]
[WhiteElo "2011"]
[BlackElo "2538"]
[Result "0-1"]
[Round "02"]
[TimeControl "180+1"]
[Date "2022.11.30"]
[WhiteClock "0:01:07"]
[BlackClock "0:00:10"]

1. Nf3 d5 2. d4 c6 3. c4 Nf6 4. cxd5 cxd5 5. Nc3 Nc6 6. Bf4 a6 7. e3 Bg4 8. Be2 e6 9. O-O Rc8 10. Ne5 Bxe2 11. Qxe2 Be7 12. Rfc1 O-O 13. Nxc6 Rxc6 14. Nd1 Qd7 15. f3 Rfc8 16. Qd2 Bb4 17. Nc3 Bxc3 18. Rxc3 Rxc3 19. bxc3 Qc6 20. Rc1 Nd7 21. Qd3 Nb6 22. e4 Na4 23. exd5 exd5 24. Bd2 Nb2 25. Qe2 Re8 26. Qf1 Nc4 27. Qf2 Qa4 28. Bf4 Qd7 29. h4 Qf5 30. Re1 Rxe1+ 31. Qxe1 h5 32. Bg3 Kh7 33. Qe7 b6 34. Qb7 a5 35. Qxb6 Nxb6 0-1


[Site "https://www.chess.com"]

[Event "Titled Tuesday Blitz November 29 Late 2022"]
[White "Meduri, Aakaash"]
[Black "Popilski, Gil"]
[WhiteFideId "2032252"]
[BlackFideId "2809060"]
[WhiteElo "2113"]
[BlackElo "2537"]
[Result "0-1"]
[Round "02"]
[TimeControl "180+1"]
[Date "2022.11.30"]
[WhiteClock "0:00:08"]
[BlackClock "0:01:15"]

1. d4 f5 2. Bg5 Nf6 3. Bxf6 exf6 4. g3 d5 5. Bg2 c6 6. e3 Bd6 7. Ne2 O-O 8. O-O Na6 9. c4 dxc4 10. Nd2 Be6 11. Qc2 Nb4 12. Qc3 b5 13. a3 Nd5 14. Qc2 Qd7 15. Rfc1 Qf7 16. Nf4 Nxf4 17. exf4 Bd5 18. b3 cxb3 19. Bxd5 Qxd5 20. Nxb3 Rfc8 21. a4 Rc7 22. Qd3 Re7 23. axb5 cxb5 24. Ra5 a6 25. Rca1 Bb4 26. R5a2 a5 27. f3 a4 28. Nd2 Bc5 0-1


[Site "https://www.chess.com"]

[Event "Titled Tuesday Blitz November 29 Late 2022"]
[White "Melkumyan, Hrant"]
[Black "Riff, Vincent"]
[WhiteFideId "13302485"]
[BlackFideId "617776"]
[WhiteElo "2604"]
[BlackElo "2369"]
[Result "1/2-1/2"]
[Round "02"]
[TimeControl "180+1"]
[Date "2022.11.30"]
[WhiteClock "0:00:50"]
[BlackClock "0:01:57"]

1. d4 Nf6 2. c4 c5 3. d5 e5 4. Nc3 d6 5. e4 Be7 6. Bd3 Nbd7 7. Nge2 h5 8. f3 h4 9. Be3 Nh5 10. Qd2 Nf8 11. O-O-O Ng6 12. g3 Bd7 13. Kb1 a6 14. f4 b5 15. f5 Nf8 16. cxb5 axb5 17. Bxb5 Qb6 18. Bxd7+ Nxd7 19. g4 Nhf6 20. h3 Qa6 21. Nc1 c4 22. Rh2 Bd8 23. Qe1 Ba5 24. Bd2 Nc5 25. Re2 Nd3 26. Nxd3 cxd3 27. Re3 Bxc3 28. Bxc3 Qxa2+ 29. Kc1 Qb3 30. Rexd3 1/2-1/2


[Site "https://www.chess.com"]

[Event "Titled Tuesday Blitz November 29 Late 2022"]
[White "Mgeladze, Tamaz"]
[Black "Firouzja, Alireza"]
[WhiteFideId "13601202"]
[BlackFideId "12573981"]
[WhiteElo "2686"]
[BlackElo "3144"]
[Result "0-1"]
[Round "02"]
[TimeControl "180+1"]
[Date "2022.11.30"]
[WhiteClock "0:00:19"]
[BlackClock "0:01:08"]

1. c4 Nf6 2. Nc3 g6 3. g3 Bg7 4. Bg2 O-O 5. Nf3 d6 6. O-O e5 7. d3 Nc6 8. Rb1 a5 9. a3 Re8 10. b4 axb4 11. axb4 e4 12. dxe4 Nxe4 13. Nxe4 Rxe4 14. b5 Na5 15. Nd2 Re8 16. Bb2 Bf5 17. e4 Be6 18. Bxg7 Kxg7 19. Qc2 Qf6 20. c5 h5 21. b6 Nc6 22. bxc7 Ra2 23. Qd1 dxc5 24. Rxb7 Nd4 25. Rb8 Rc8 26. Rxc8 Bxc8 27. Nb3 Ne2+ 28. Kh1 c4 29. Qd8 cxb3 30. Qxc8 Ra1 31. f4 Qd4 0-1


[Site "https://www.chess.com"]

[Event "Titled Tuesday Blitz November 29 Late 2022"]
[White "Milikow, Yoav"]
[Black "Banzea, Alexandru-Bogdan"]
[WhiteFideId "2822237"]
[BlackFideId "1232622"]
[WhiteElo "2341"]
[BlackElo "2294"]
[Result "1-0"]
[Round "02"]
[TimeControl "180+1"]
[Date "2022.11.30"]
[WhiteClock "0:00:57"]
[BlackClock "0:00:02"]

1. d4 Nf6 2. c4 g6 3. Nc3 Bg7 4. e4 d6 5. Be2 O-O 6. Be3 e5 7. d5 Na6 8. g4 Nc5 9. f3 h5 10. b4 Na6 11. a3 c5 12. b5 Nc7 13. h4 Qd7 14. g5 Nh7 15. Nh3 Qe7 16. Nf2 f5 17. Nd3 f4 18. Bf2 Rf7 19. Rg1 Nf8 20. a4 Nd7 21. a5 Ne8 22. Qb3 Bf8 23. Kd2 Qd8 24. Kc2 Kh7 25. Bf1 Kh8 26. Bh3 Nb8 27. Bg2 Kg8 28. Rgd1 Re7 29. Ne2 Bg7 30. Nec1 Bf8 31. Qb2 Kh7 32. Nb3 Nd7 33. Kd2 Kg8 34. Ke2 Kh7 35. Kf1 Kg8 36. Kg1 Kh7 37. Kh2 Kg8 38. Be1 Kh7 39. Bc3 Bg7 40. Bh3 Nb8 41. Qg2 Bxh3 42. Qxh3 Nd7 43. Qf1 Kh8 44. Qe2 Kh7 45. Qb2 Rc8 46. Nbc1 Kg8 47. Ne2 Kh7 48. Qd2 Ra8 49. Qe1 Rc8 50. Qf1 Ra8 51. Qh3 Rc8 52. Rdb1 Ra8 53. Be1 Rc8 54. Qf1 Ra8 55. Bf2 Rc8 56. Qh3 Ra8 57. Nc3 Rc8 58. Na4 Ra8 59. Kg2 Rc8 60. Kf1 Kg8 61. Ke2 Kh7 62. Rd1 Kg8 63. Be1 Kh7 64. b6 a6 65. Nc3 Kg8 66. Bf2 Kh7 67. Rh1 Kg8 68. Qf1 Kh7 69. Be1 Kg8 70. Bd2 Kh7 71. Kf2 Kg8 72. Kg2 Kh7 73. Qd1 Kg8 74. Qc2 Kh7 75. Rae1 Kg8 76. Rhg1 Kh7 77. Kh1 Kg8 78. Bc1 Kh7 79. Qh2 Kg8 80. Qh3 Kh7 81. Ne2 Rf7 82. Bb2 Ra8 83. Qe6 Re7 84. Qh3 Rf7 85. Rd1 Rb8 86. Qe6 Re7 87. Qh3 Rf7 88. Bc1 Ra8 89. Nexf4 exf4 90. Nxf4 Ne5 91. Ne6 Qe7 92. f4 Ng4 93. Rdf1 Bd4 94. Rxg4 hxg4 95. Qxg4 Ng7 96. f5 Nxe6 97. dxe6 Rff8 98. Kg2 Rae8 99. h5 Kg8 100. hxg6 Qg7 101. Rh1 Rxe6 102. Rh7 1-0


[Site "https://www.chess.com"]

[Event "Titled Tuesday Blitz November 29 Late 2022"]
[White "Milosevic, Milos"]
[Black "Nugumanov, Bakhtiyar"]
[WhiteFideId "964875"]
[BlackFideId "13701797"]
[WhiteElo "2321"]
[BlackElo "2287"]
[Result "0-1"]
[Round "02"]
[TimeControl "180+1"]
[Date "2022.11.30"]
[WhiteClock "0:00:07"]
[BlackClock "0:00:07"]

1. e4 c6 2. d4 d5 3. Nc3 dxe4 4. Nxe4 Bf5 5. Ng3 Bg6 6. N1e2 Nf6 7. h4 h6 8. Nf4 Bh7 9. c3 Nbd7 10. Bd3 Bxd3 11. Nxd3 e6 12. Nh5 Nxh5 13. Qxh5 Nf6 14. Qe2 Bd6 15. Be3 Qc7 16. O-O-O O-O-O 17. Kb1 Kb8 18. c4 Rhe8 19. Rhe1 Ka8 20. Qc2 Ng4 21. Bd2 Be7 22. f3 Nf6 23. Bc3 Bd6 24. Qa4 Bg3 25. Re2 Bxh4 26. f4 Bg3 27. Rf1 Nh5 28. Re5 Nf6 29. Rf3 Bh4 30. g3 Ng4 31. gxh4 Nxe5 32. fxe5 Qe7 33. h5 f5 34. Bb4 Qh4 35. Bd6 Qxd4 36. Qc2 Rxd6 37. exd6 Qxd6 38. c5 Qd4 39. Rf4 Qd5 40. a3 Qh1+ 41. Ka2 Qd5+ 42. b3 Qd7 43. Nb4 e5 44. Rxf5 e4 45. Rf1 e3 46. Re1 Qh3 47. Re2 Qxh5 48. Qd3 Qg5 49. Nc2 h5 50. Rxe3 Rxe3 51. Nxe3 h4 52. Qe4 a6 53. a4 Qxc5 54. Nc4 g5 55. a5 Ka7 56. Qg4 Qf2+ 57. Ka3 Qc5+ 58. Kb2 Qf2+ 59. Kc3 Qc5 60. b4 Qg1 61. Nd6 Qxg4 62. Nc8+ Kb8 63. Nb6 Qg3+ 64. Kc4 h3 65. Kc5 Kc7 66. Nd5+ cxd5 67. Kxd5 h2 68. Ke6 h1=Q 69. Kf7 Qhf3+ 70. Kg7 Qe5+ 0-1


[Site "https://www.chess.com"]

[Event "Titled Tuesday Blitz November 29 Late 2022"]
[White "Moroni, Luca Jr"]
[Black "Richter, Paul"]
[WhiteFideId "865834"]
[BlackFideId "2046350"]
[WhiteElo "2573"]
[BlackElo "2545"]
[Result "0-1"]
[Round "02"]
[TimeControl "180+1"]
[Date "2022.11.30"]
[WhiteClock "0:00:09"]
[BlackClock "0:00:11"]

1. d4 Nf6 2. Bf4 g6 3. Nc3 Bg7 4. e4 d6 5. Qd2 h5 6. f3 O-O 7. O-O-O Nc6 8. Bh6 e5 9. Bxg7 Kxg7 10. dxe5 dxe5 11. Nd5 Nd4 12. c3 Ne6 13. Bc4 c6 14. Nxf6 Qxf6 15. Ne2 b5 16. Bb3 Rd8 17. Qe3 a5 18. Rxd8 Qxd8 19. Rd1 Qc7 20. a3 b4 21. a4 c5 22. Bd5 Rb8 23. g3 bxc3 24. bxc3 Bd7 25. Kd2 Rb2+ 26. Ke1 Bxa4 27. Ra1 Bb5 28. c4 Bd7 29. Qc3 Rb4 30. Nc1 Nd4 31. f4 exf4 32. Kf2 fxg3+ 33. hxg3 a4 34. Kg2 Qb8 35. Nd3 Rb3 36. Qd2 a3 37. Rf1 Be8 38. Kh3 a2 39. Nxc5 Qxg3# 0-1


[Site "https://www.chess.com"]

[Event "Titled Tuesday Blitz November 29 Late 2022"]
[White "Naroditsky, Daniel"]
[Black "Suder, Jakub"]
[WhiteFideId "2026961"]
[BlackFideId "1195310"]
[WhiteElo "3138"]
[BlackElo "2674"]
[Result "1-0"]
[Round "02"]
[TimeControl "180+1"]
[Date "2022.11.30"]
[WhiteClock "0:00:30"]
[BlackClock "0:00:09"]

1. e4 c5 2. Nf3 e6 3. d4 cxd4 4. Nxd4 Nc6 5. Nc3 Nf6 6. g3 Qb6 7. Nb3 Bb4 8. Bg2 Qa6 9. Bd2 O-O 10. a3 Be7 11. Qe2 Qxe2+ 12. Kxe2 d6 13. Rad1 e5 14. Rhe1 Be6 15. Kf1 Bxb3 16. cxb3 Nd4 17. b4 Bd8 18. h3 Bb6 19. Bg5 Bd8 20. Rd2 a6 21. Be3 Bb6 22. Ne2 Rac8 23. Nxd4 exd4 24. Bxd4 Bxd4 25. Rxd4 Rc2 26. Re2 Rc1+ 27. Re1 Rc2 28. Rxd6 Rxb2 29. e5 Ne8 30. Rd7 b5 31. Bd5 Rc2 32. Rd1 Nc7 33. Bb3 Rc3 34. R1d3 Rxd3 35. Rxd3 Re8 36. Rd7 Ne6 37. f4 Kf8 38. Ra7 Rc8 39. Bd5 Rc3 40. Kf2 Rxa3 41. f5 Nd8 42. e6 fxe6 43. fxe6 Ke8 44. e7 1-0


[Site "https://www.chess.com"]

[Event "Titled Tuesday Blitz November 29 Late 2022"]
[White "Novikova, Galina"]
[Black "Bashirli, Nail"]
[WhiteFideId "4157095"]
[BlackFideId "13406809"]
[WhiteElo "1973"]
[BlackElo "2318"]
[Result "0-1"]
[Round "02"]
[TimeControl "180+1"]
[Date "2022.11.30"]
[WhiteClock "0:00:07"]
[BlackClock "0:00:48"]

1. e4 Nf6 2. e5 Nd5 3. d4 d6 4. Bc4 Nb6 5. Bb3 a5 6. a3 Bf5 7. Nf3 e6 8. O-O Nc6 9. exd6 Bxd6 10. Bg5 Be7 11. Bxe7 Qxe7 12. Nc3 O-O 13. Re1 Rfd8 14. d5 a4 15. Ba2 Qc5 16. Nh4 Bg6 17. Nxg6 hxg6 18. Qg4 Nxd5 19. Nxd5 exd5 20. c3 Re8 21. h3 Ne5 22. Qg3 Nc4 23. Bxc4 Qxc4 24. Rad1 c6 25. Qc7 Qa6 26. Rxe8+ Rxe8 27. Qd7 Kf8 28. Qd6+ Kg8 29. Qd7 Qe2 30. Rd4 Qe1+ 31. Kh2 Qe7 32. Qxe7 Rxe7 33. Rxa4 Re2 34. Rb4 b5 35. Kg3 Kf8 36. Kf3 Rc2 37. a4 bxa4 38. Rxa4 Rxb2 39. Ra6 c5 40. Rc6 c4 41. Ke3 Rc2 42. Kd4 Rd2+ 43. Kc5 Ke7 44. g4 Rd3 45. f4 Rxc3 46. Kxd5 Rxh3 47. Rxc4 Re3 48. Rc7+ Ke8 49. Kd6 Re6+ 50. Kd5 Re1 51. Ra7 Kf8 52. Kd6 Rd1+ 53. Ke5 Re1+ 54. Kd6 Re8 55. Ra2 Kg8 56. Rf2 f6 57. f5 g5 58. Kd7 Re4 59. Rg2 Kf7 60. Kd6 g6 61. fxg6+ Kxg6 62. Kd5 Re8 63. Kd4 Re5 64. Kd3 Kf7 65. Kd4 Ke6 66. Kd3 Kd5 67. Rg3 Re4 68. Rg2 Rd4+ 69. Ke3 Ke5 70. Kf3 Rd3+ 71. Ke2 Ra3 72. Rg1 Ke4 73. Rf1 Ra2+ 74. Ke1 Ra1+ 75. Kf2 Rxf1+ 76. Kxf1 Kf3 77. Kg1 Kxg4 78. Kh2 f5 79. Kg2 f4 0-1


[Site "https://www.chess.com"]

[Event "Titled Tuesday Blitz November 29 Late 2022"]
[White "Pace, Christopher"]
[Black "Droin, Augustin"]
[WhiteFideId "2610167"]
[BlackFideId "45105987"]
[WhiteElo "2297"]
[BlackElo "2316"]
[Result "1-0"]
[Round "02"]
[TimeControl "180+1"]
[Date "2022.11.30"]
[WhiteClock "0:00:23"]
[BlackClock "0:00:59"]

1. e4 c5 2. Nf3 d6 3. d4 cxd4 4. Nxd4 Nf6 5. Nc3 a6 6. Bg5 e6 7. f4 Qc7 8. Qf3 Nbd7 9. O-O-O b5 10. f5 Ne5 11. Qh3 b4 12. Bxf6 bxc3 13. Bh4 Qa5 14. Kb1 cxb2 15. fxe6 Qc7 16. Be2 Nc4 17. exf7+ Qxf7 18. Qc3 Ne5 19. Rhf1 Qb7 20. Nb3 Be6 21. Nd4 Bd7 22. Nf5 Bxf5 23. Rxf5 Rc8 24. Rxe5+ dxe5 25. Qxe5+ Be7 26. Qxg7 1-0


[Site "https://www.chess.com"]

[Event "Titled Tuesday Blitz November 29 Late 2022"]
[White "Papasimakopoulos, Alexandros"]
[Black "Seletsky, Grigory"]
[WhiteFideId "4244125"]
[BlackFideId "14112191"]
[WhiteElo "2365"]
[BlackElo "2492"]
[Result "1-0"]
[Round "02"]
[TimeControl "180+1"]
[Date "2022.11.30"]
[WhiteClock "0:00:03"]
[BlackClock "0:00:01"]

1. d4 d6 2. Nf3 Nf6 3. c4 Bg4 4. Qb3 Qc8 5. h3 Bxf3 6. Qxf3 e6 7. Nc3 c6 8. g4 d5 9. g5 Nfd7 10. e4 dxe4 11. Qxe4 Na6 12. Bf4 Be7 13. h4 Nc7 14. h5 Nb6 15. O-O-O Qd7 16. g6 f5 17. Qe5 O-O-O 18. gxh7 Bf6 19. Qa5 Kb8 20. c5 Nd5 21. Nxd5 exd5 22. Bd3 Rc8 23. Rh3 Rxh7 24. Bc2 Ka8 25. Ra3 a6 26. Bd3 Rxh5 27. Qb6 Rhh8 28. Bf1 g5 29. Bd6 Nb5 30. Bxb5 cxb5 31. Qa5 Qxd6 32. Qxb5 Kb8 33. Qb4 Rh4 34. Kb1 Qc6 35. Rb3 Re8 36. a3 Ka8 37. Rf3 Rf4 38. Rh3 Rf3 39. Rxf3 f4 40. Rb3 g4 41. Rg1 Qd7 42. Ka2 Re4 43. Rxg4 Rxd4 44. Rg8+ Bd8 45. Rxd8+ 1-0


[Site "https://www.chess.com"]

[Event "Titled Tuesday Blitz November 29 Late 2022"]
[White "Paravyan, David"]
[Black "Toniutti, Ezio"]
[WhiteFideId "4194985"]
[BlackFideId "113034"]
[WhiteElo "2546"]
[BlackElo "2215"]
[Result "0-1"]
[Round "02"]
[TimeControl "180+1"]
[Date "2022.11.30"]
[WhiteClock "0:00:40"]
[BlackClock "0:00:26"]

1. e4 e5 2. Nf3 Nc6 3. Nc3 Nf6 4. d4 exd4 5. Nxd4 Bb4 6. Nxc6 bxc6 7. Bd3 O-O 8. O-O d5 9. exd5 Bg4 10. f3 Bh5 11. Bg5 cxd5 12. Bxf6 Qxf6 13. Nxd5 Qxb2 14. Rb1 Bc5+ 15. Kh1 Qe5 16. Re1 Qd6 17. Ne7+ Kh8 18. Qe2 Rae8 19. Qe4 g6 20. g4 Rxe7 21. Qxe7 Qxe7 22. Rxe7 Bxe7 23. gxh5 Bc5 24. Kg2 Kg7 25. Rb5 Bb6 26. a4 c6 27. Rb4 Rb8 28. Rc4 c5 29. Re4 Rb7 30. Re8 Rd7 31. Rc8 gxh5 32. a5 Bxa5 33. Rxc5 Bb6 34. Rxh5 h6 35. Re5 Rc7 36. f4 Rc5 37. Re8 Rc7 38. Kf3 Bc5 39. Kg4 Re7 40. Rc8 Bg1 41. h4 Be3 42. f5 Rd7 0-1


[Site "https://www.chess.com"]

[Event "Titled Tuesday Blitz November 29 Late 2022"]
[White "Pein, Jonathan"]
[Black "Chirilov, James A"]
[WhiteFideId "417092"]
[BlackFideId "30976677"]
[WhiteElo "2227"]
[BlackElo "1790"]
[Result "1-0"]
[Round "02"]
[TimeControl "180+1"]
[Date "2022.11.30"]
[WhiteClock "0:00:20"]
[BlackClock "0:00:04"]

1. c4 Nf6 2. Nc3 g6 3. g3 Bg7 4. Bg2 O-O 5. e4 d6 6. Nge2 e5 7. O-O Nc6 8. d3 Re8 9. h3 a6 10. Be3 Rb8 11. a4 Bd7 12. Qd2 Na5 13. Nc1 c5 14. Nd5 Nc6 15. Bg5 Be6 16. Ne2 Bxd5 17. cxd5 Nd4 18. Nxd4 cxd4 19. f4 h6 20. fxe5 hxg5 21. exf6 Bxf6 22. Qf2 Kg7 23. Rac1 Qe7 24. Bf3 Be5 25. Bg4 b5 26. a5 Rb7 27. Rc6 Ra8 28. b4 Rc7 29. Rfc1 Raa7 30. Kg2 Rxc6 31. Rxc6 Qd8 32. Rc8 Qe7 33. Qc2 Bf6 34. Qc6 Be5 35. Qb6 Bf6 36. Qb8 Be5 37. Re8 Qc7 38. Rg8+ Kh7 39. Qc8 Qxc8 40. Rxc8 Kg7 41. Kf3 Kf6 42. Rc6 Ke7 43. Bc8 f5 44. exf5 gxf5 45. Bxf5 Kd8 46. Bc8 Rf7+ 47. Kg2 Rc7 48. Bxa6 Ra7 49. Bxb5 Rh7 50. a6 g4 51. hxg4 Rg7 52. Kf3 Rf7+ 53. Kg2 Rg7 54. Rb6 Rxg4 55. a7 Rxg3+ 56. Kf2 1-0


[Site "https://www.chess.com"]